 Dungeon Crawl Stone Soup version 0.25-a0-294-gea9b1ad378 (webtiles) character file.

Game seed: 17658768701492811871, levelgen mode: deterministic

149 MoonlitKnight the Charmwright (level 5, 0/43 HPs)
             Began as a Gnoll Skald on Dec 19, 2019.
             Slain by a phantom (4 damage)
             ... on level 3 of the Dungeon.
             The game lasted 00:05:52 (2562 turns).

MoonlitKnight the Charmwright (Gnoll Skald)         Turns: 2562, Time: 00:05:52

Health: 0/43       AC:  5    Str: 14    XL:     5   Next: 31%
Magic:  12/12      EV: 14    Int: 15    God:
Gold:   180        SH:  0    Dex: 15    Spells: 3/14 levels left

rFire    . . .     SeeInvis .   k - +1 dagger (speed)
rCold    . . .     Gourm    .   (no shield)
rNeg     . . .     Faith    .   b - +0 leather armour
rPois    .         Spirit   .   (no helmet)
rElec    .         Reflect  .   e - +0 cloak
rCorr    .         Harm     .   (no gloves)
MR       .....                  c - +0 pair of boots
Stlth    ++........             (no amulet)
HPRegen  0.14/turn              (no ring)
MPRegen  0.13/turn              (no ring)

@: no status effects
A: distributed training, fangs 1, strong nose
a: no special abilities


You were on level 3 of the Dungeon.
You were hungry.

You visited 1 branch of the dungeon, and saw 3 of its levels.

You collected 180 gold pieces.

Inventory:

Hand Weapons
 a - a +0 spear
 k - a +1 dagger of speed (weapon)
Armour
 b - a +0 leather armour (worn)
 c - a +0 pair of boots (worn)
 e - a +0 cloak (worn)
Jewellery
 i - an uncursed amulet of regeneration {unknown}
 l - an uncursed amulet of the gourmand {unknown}
Scrolls
 f - 2 scrolls of identify {unknown}
 h - a scroll of enchant weapon {unknown}
 o - a scroll of teleportation {unknown}
Potions
 g - 3 potions of curing {unknown}
 j - a potion of haste {unknown}
 n - a potion of berserk rage {unknown}
Comestibles
 d - 3 rations
 m - 4 chunks of flesh


   Skills:
 + Level 4.7 Fighting
 + Level 1.4 Short Blades
 + Level 1.4 Long Blades
 + Level 1.4 Axes
 + Level 1.4 Maces & Flails
 + Level 4.7 Polearms
 + Level 1.4 Staves
 + Level 1.4 Slings
 + Level 1.4 Bows
 + Level 1.4 Crossbows
 + Level 1.4 Throwing
 + Level 2.9 Armour
 + Level 4.7 Dodging
 + Level 1.4 Stealth
 + Level 1.4 Shields
 + Level 1.4 Unarmed Combat
 + Level 5.2 Spellcasting
 + Level 1.1 Conjurations
 + Level 1.1 Hexes
 + Level 5.5 Charms
 + Level 1.1 Summonings
 + Level 1.1 Necromancy
 + Level 1.1 Translocations
 + Level 1.1 Transmutations
 + Level 1.1 Fire Magic
 + Level 1.1 Ice Magic
 + Level 1.1 Air Magic
 + Level 1.1 Earth Magic
 + Level 1.1 Poison Magic
 + Level 1.6 Invocations
 + Level 1.4 Evocations


You had 3 spell levels left.
You knew the following spells:

 Your Spells              Type           Power        Failure   Level  Hunger
a - Infusion              Chrm           ###.         1%          1    None
b - Shroud of Golubria    Chrm/Tloc      ##....       8%          2    ##.....
c - Spectral Weapon       Hex/Chrm       ##......     16%         3    ###....
d - Regeneration          Chrm/Necr      ##........   16%         3    ###....
e - Song of Slaying       Chrm           ###.....     3%          2    ##.....

Your spell library contained the following spells:

 Spells                   Type           Power        Failure   Level  Hunger


Dungeon Overview and Level Annotations

Branches:
Dungeon (3/15)

Altars:


Innate Abilities, Weirdness & Mutations

Your experience applies equally to all skills.
You have very sharp teeth.
Your uncanny sense of smell can sniff out nearby items.


Message History

The phantom is almost destroyed.
The phantom barely misses you.
You hit the phantom.
The phantom is almost destroyed.
The phantom blinks!
The phantom hits you.
* * * LOW HITPOINT WARNING * * *
You closely miss the phantom.
The phantom is almost destroyed.
Your leather armour prevents you from hitting the phantom.
The phantom is almost destroyed.
The phantom hits you but does no damage.
You closely miss the phantom. Your punch misses the phantom.
You bite the phantom.
The phantom is almost destroyed.
The phantom hits you.
* * * LOW HITPOINT WARNING * * *
The phantom blinks!
The phantom hits you.
You die...

.# ##.###..# .# ##.##
##.##### .# ###.## ##....#
.#########....## ##.###.#
........##.###.###.##
.#.####.##.# ##.#>## ...#
#.##.# #..##
#######.##.####..##########
..............ยง.@W.<.......
###########################


You could see a phantom.

Vanquished Creatures
  A bullfrog skeleton (D:2)
  Jessica (D:2)
  3 adders
  An ooze (D:1)
  3 worms
  A leopard gecko (D:1)
  2 giant cockroaches
  8 goblins
  7 hobgoblins
  4 jackals (D:3)
  6 kobolds
  A quokka (D:3)
  A ball python (D:3)
  9 bats
  3 frilled lizards
  A rat (D:1)
52 creatures vanquished.

Notes
Turn   | Place    | Note
-------+----------+-------------------------------------------
     0 | D:1      | MoonlitKnight the Gnoll Skald began the quest for the Orb.
     0 | D:1      | Reached XP level 1. HP: 20/20 MP: 6/6
   279 | D:1      | Reached XP level 2. HP: 20/26 MP: 7/7
   773 | D:1      | Reached XP level 3. HP: 31/31 MP: 9/9
   978 | D:2      | Reached skill level 1 in Short Blades
   978 | D:2      | Reached skill level 1 in Long Blades
   978 | D:2      | Reached skill level 1 in Axes
   978 | D:2      | Reached skill level 1 in Maces & Flails
   978 | D:2      | Reached skill level 1 in Staves
   978 | D:2      | Reached skill level 1 in Slings
   978 | D:2      | Reached skill level 1 in Bows
   978 | D:2      | Reached skill level 1 in Crossbows
   978 | D:2      | Reached skill level 1 in Throwing
   978 | D:2      | Reached skill level 1 in Stealth
   978 | D:2      | Reached skill level 1 in Shields
   978 | D:2      | Reached skill level 1 in Unarmed Combat
   978 | D:2      | Reached skill level 5 in Spellcasting
   978 | D:2      | Reached skill level 1 in Invocations
   978 | D:2      | Reached skill level 1 in Evocations
   981 | D:2      | Reached XP level 4. HP: 11/38 MP: 2/11
   995 | D:1      | Learned a level 2 spell: Shroud of Golubria
   999 | D:1      | Learned a level 3 spell: Spectral Weapon
  1003 | D:1      | Learned a level 3 spell: Regeneration
  1006 | D:1      | Learned a level 2 spell: Song of Slaying
  1729 | D:2      | Reached skill level 1 in Conjurations
  1729 | D:2      | Reached skill level 1 in Hexes
  1729 | D:2      | Reached skill level 1 in Summonings
  1729 | D:2      | Reached skill level 1 in Necromancy
  1729 | D:2      | Reached skill level 1 in Translocations
  1729 | D:2      | Reached skill level 1 in Transmutations
  1729 | D:2      | Reached skill level 1 in Fire Magic
  1729 | D:2      | Reached skill level 1 in Ice Magic
  1729 | D:2      | Reached skill level 1 in Air Magic
  1729 | D:2      | Reached skill level 1 in Earth Magic
  1729 | D:2      | Reached skill level 1 in Poison Magic
  1956 | D:2      | Noticed Jessica
  1981 | D:2      | Killed Jessica
  1981 | D:2      | Reached XP level 5. HP: 37/43 MP: 12/12
  2423 | D:3      | Noticed a phantom
  2562 | D:3      | Slain by a phantom

Levels and vault maps discovered:
D:1:      minmay_arrival_shattered_statue, layout_basic,
          minmay_tree_intersection
D:2:      layout_rooms, uniq_jessica
D:3:      layout_loops_ring, wad_rectangle_vault

Skill      XL: |  1  2  3  4 |
---------------+-------------+-----
Short Blades   | 1 |  1.4
Long Blades    | 1 |  1.4
Axes           | 1 |  1.4
Maces & Flails | 1 |  1.4
Staves         | 1 |  1.4
Slings         | 1 |  1.4
Bows           | 1 |  1.4
Crossbows      | 1 |  1.4
Throwing       | 1 |  1.4
Stealth        | 1 |  1.4
Shields        | 1 |  1.4
Unarmed Combat | 1 |  1.4
Spellcasting   | 5 |  5.2
Invocations    | 1 |  1.6
Evocations     | 1 |  1.4
Conjurations   | 1 |  1.1
Hexes          | 1 |  1.1
Summonings     | 1 |  1.1
Necromancy     | 1 |  1.1
Translocations | 1 |  1.1
Transmutations | 1 |  1.1
Fire Magic     | 1 |  1.1
Ice Magic      | 1 |  1.1
Air Magic      | 1 |  1.1
Earth Magic    | 1 |  1.1
Poison Magic   | 1 |  1.1
Fighting       | |  4.7
Polearms       | |  4.7
Armour         | |  2.9
Dodging        | |  4.7
Charms         | |  5.5

Action                   |  1- 3 |  4- 6 || total
-------------------------+-------+-------++-------
Melee: Spear             |    86 |    16 ||   102
       Bite              |    11 |    26 ||    37
       Dagger            |       |   209 ||   209
 Cast: Infusion          |     1 |       ||     1
       Spectral Weapon   |       |     2 ||     2
       Regeneration      |       |     1 ||     1
       Shroud of Golubri |       |     1 ||     1
 Stab: Sleeping          |     2 |     1 ||     3
  Eat: Chunk             |       |     5 ||     5
Armor: Leather armour    |    15 |    23 ||    38
Dodge: Dodged            |    32 |   125 ||   157

Table legend:
 A = Non-vault XP
 B = Vault XP
 C = Vault XP percentage of total XP
 D = Non-vault monster count
 E = Vault monster count
 F = Vault count percentage of total count
                 A         B        C        D         E       F
            +---------+---------+-------+---------+---------+-------
      Total |     177 |      37 |  17.3 |      51 |       1 |   1.9
            +---------+---------+-------+---------+---------+-------
        D:1 |      35 |       0 |   0.0 |      18 |       0 |   0.0
        D:2 |     105 |      37 |  26.1 |      21 |       1 |   4.5
        D:3 |      37 |       0 |   0.0 |      12 |       0 |   0.0
            +---------+---------+-------+---------+---------+-------
